 Dungeon Crawl Stone Soup version 0.28.0-43-g3370ac3207 (webtiles) character file.

Game seed: 18032451311279305001

78 sizableburger the Conjurer (level 4, 0/33 HPs)
             Began as a Ghoul Conjurer on Mar 20, 2022.
             Slain by Ijyb
             ... wielding a +0 club
              (4 damage)
             ... on level 3 of the Dungeon.
             The game lasted 00:06:03 (3468 turns).

sizableburger the Conjurer (Ghoul Conjurer)         Turns: 3468, Time: 00:06:03

Health: 0/33       AC:  2    Str: 10    XL:     4   Next: 36%
Magic:  1/6        EV: 11    Int: 15    God:
Gold:   168        SH:  3    Dex:  7    Spells: 5/8 levels left

rFire   . . .      SeeInvis .     - Unarmed
rCold   + . .      Faith    .   o - +1 buckler
rNeg    + + +      Spirit   .   a - +0 robe
rPois   ∞          Reflect  .   (no helmet)
rElec   .          Harm     .   (no cloak)
rCorr   .          Rampage  .   (no gloves)
Will    .....                   (no boots)
Stlth   ++........              k - amulet of regeneration
HPRegen 0.00/turn               j - ring of flight
MPRegen 0.10/turn               (no ring)

@: flying, inhibited regen
A: claws 1, cold resistance 1, negative energy resistance 3, inhibited
regeneration, torment resistance 2
a: no special abilities


You were on level 3 of the Dungeon.
You visited 1 branch of the dungeon, and saw 3 of its levels.

You collected 168 gold pieces.

Inventory:

Armour
 a - a +0 robe (worn)
 o - a +1 buckler (worn)
Jewellery
 j - a ring of flight (left claw)
 k - an amulet of regeneration (around neck)
Scrolls
 c - a scroll of vulnerability {unknown}
 e - a scroll of fear {unknown}
 g - a scroll of identify
 h - a scroll of immolation {unknown}
 i - a scroll of enchant armour
 m - a scroll of blinking {unknown}
Potions
 b - 2 potions of curing
 d - 2 potions of lignification {unknown}
 l - 2 potions of might {unknown}
 n - a potion of magic {unknown}
 p - a potion of brilliance {unknown}


   Skills:
 - Level 1.7 Dodging
 - Level 2.1 Stealth
 - Level 2.0 Unarmed Combat
 + Level 2.6 Spellcasting
 + Level 3.9 Conjurations


You had 5 spell levels left.
You knew the following spells:

 Your Spells              Type           Power      Damage    Failure   Level
a - Magic Dart            Conj           52%        1d5       6%          1
b - Searing Ray           Conj           26%        2d5       9%          2

Your spell library contained the following spells:

 Spells                   Type           Power      Damage    Failure   Level
 Dazzling Flash           Conj/Hex       14%        N/A       36%         3
 Fulminant Prism          Conj/Hex       3%         3d6       77%         4
 Iskenderun's Mystic Bla  Conj/Tloc      7%         2d4       77%         4


Dungeon Overview and Level Annotations

Branches:
Dungeon (3/15)

Altars:
Elyvilon

Annotations:
D:3 Ijyb, Jessica


Innate Abilities, Weirdness & Mutations

You thrive by killing the living.
You are immune to poison.
You have sharp fingernails.
Your flesh is cold resistant. (rC+)
You are immune to negative energy. (rN+++)
You do not regenerate when monsters are visible.
You are immune to unholy pain and torment.


Message History

Ijyb the Twisted Goblin comes into view.
She is wielding a +0 club and carrying a wand of mindburst (21).
Found an escape hatch in the floor.
Ijyb shouts!
Ijyb is nearby!
Casting: Searing Ray (safe; 9% risk of failure)
Confirm with . or Enter, or press ? or * to list all spells.
Aiming: Searing Ray (safe; 9% risk of failure)
Press: ? - help, Shift-Dir - straight line, f - Ijyb
Aim: Ijyb, wielding a +0 club, wearing a +0 ring mail and carrying a wand of mindburst (21) (73% to hit)
The searing ray misses Ijyb. (Press . to maintain the ray.) Unknown command.
The searing ray hits Ijyb!
Ijyb is moderately wounded.
The searing ray misses Ijyb.
Jessica the Apprentice Sorceress comes into view.
She is wielding a +2 spectral club and wearing a +1 robe of fire resistance.
The searing ray hits Ijyb but does no damage.
Ijyb is moderately wounded.
You finish channelling your searing ray.
Ijyb zaps a wand.
Your mind is blasted!
Ouch! That really hurt!
An adder comes into view.
As you read the scroll labelled HOESKA GAMM, it crumbles to dust.
It is a scroll of enchant armour.
Your +0 buckler glows green for a moment.
The adder hisses angrily.
Ijyb hits you with a +0 club.
* * * LOW HITPOINT WARNING * * *
As you read the scroll labelled DUDGHEI DOCS, it crumbles to dust.
It is a scroll of amnesia.
Really abort (and waste the scroll)?
Okay, then.
Ijyb hits you with a +0 club.
* * * LOW HITPOINT WARNING * * *
Unknown command.
As you read the scroll labelled DYUKUI YCAUROT, it crumbles to dust.
It is a scroll of identify.
b - 2 potions of curing Ijyb hits you with a +0 club.
You die...

.............##########
#...... #####...####.#
#...... #####...# #.#
#...... ........# #.# .
#...... .......#####.##
.. #......
.......###....#######...
#......
........................
#.<....
...#..................>.
#######
................@g@.....
.⌠.#........######S.....
.......###'## .....
...#...# #'# ....
_....### ... ### ...#.
.. ..


You could see Ijyb, an adder and Jessica (wandering).

Vanquished Creatures
  An adder (D:2)
  3 worms
  A dart slug (D:1)
  4 orcs (D:3)
  8 ball pythons
  7 endoplasms
  2 giant cockroaches
  4 goblins
  A hobgoblin (D:2)
  4 jackals (D:1)
  2 quokkas (D:1)
  5 bats
  4 frilled lizards
  7 kobolds
  3 rats
56 creatures vanquished.

Vanquished Creatures (others)
  A fungus (D:1)
  A plant (D:1)
2 creatures vanquished.

Grand Total: 58 creatures vanquished

Notes
Turn   | Place    | Note
-------+----------+-------------------------------------------
     0 | D:1      | sizableburger the Ghoul Conjurer began the quest for the
                  | Orb.
     0 | D:1      | Reached XP level 1. HP: 14/14 MP: 2/2
   357 | D:1      | Reached XP level 2. HP: 18/20 MP: 4/4
   634 | D:1      | Reached skill level 1 in Unarmed Combat
   678 | D:1      | Learned a level 2 spell: Searing Ray
   822 | D:1      | Found a faded altar of an unknown god.
  1224 | D:1      | Reached XP level 3. HP: 26/26 MP: 5/5
  2901 | D:3      | Reached XP level 4. HP: 33/33 MP: 6/6
  3460 | D:3      | Noticed Ijyb
  3464 | D:3      | Noticed Jessica
  3468 | D:3      | Slain by Ijyb

Illustrated notes

Levels and vault maps discovered:
D:1:      sevenhm_arrival_forest_fort_small_5, layout_basic,
          dreamdust_ecumenical_altar_hidden_monk_grotto
D:2:      layout_loops_ring, minmay_misc_feat_iff,
          wander_ebering_terrifying_dragon_lair
D:3:      layout_basic, elyvilon_altar_5, uniq_jessica, uniq_ijyb

Skill      XL: |  1  2  3  4 |
---------------+-------------+-----
Spellcasting   | 2 |  2.6
Unarmed Combat | 1 2 |  2.0
Dodging        | |  1.7
Stealth        | |  2.1
Conjurations   | |  3.9

Action                   |  1- 3 |  4- 6 || total
-------------------------+-------+-------++-------
Melee: Unarmed           |    98 |    34 ||   132
 Cast: Magic Dart        |     8 |     2 ||    10
       Searing Ray       |    19 |     5 ||    24
  Use: Scroll            |       |     3 ||     3
 Stab: Sleeping          |     1 |       ||     1
Armor: Robe              |    24 |     2 ||    26
Dodge: Dodged            |    75 |    21 ||    96
